 Dungeon Sprint DCSS version 0.27-a0-1232-gc6a4cbde82 (webtiles) character file.

Game seed: 1688353901801179932

618 rocky1 the Blocker (level 7, -1/60 HPs)
             Began as a Formicid Fighter on June 9, 2021.
             Was an Initiate of Cheibriados.
             Slain by a fire elemental (10 damage)
             ... summoned by a deep elf pyromancer
             ... in the Dungeon (Sprint III: "The Ten Rune Challenge").
             The game lasted 00:03:57 (996 turns).

rocky1 the Blocker (Formicid Fighter)                Turns: 996, Time: 00:03:58

Health: -1/60      AC:  7    Str: 24    XL:     7   Next: 74%
Magic:  5/7        EV: 12    Int: 10    God:    Cheibriados [......]
Gold:   38         SH: 12    Dex: 11    Spells: 6/6 levels left

rFire    . . .     SeeInvis +   a - +0 long sword
rCold    . . .     Faith    .   c - +0 kite shield
rNeg     . . .     Spirit   .   b - +0 scale mail
rPois    .         Reflect  .   (helmet unavailable)
rElec    .         Harm     .   (no cloak)
rCorr    .         Rampage  .   (no gloves)
Will     .....                  (no boots)
Stlth    ..........             (no amulet)
HPRegen  0.20/turn              (no ring)
MPRegen  0.10/turn              (no ring)

@: very slow
A: permanent stasis, dig shafts and tunnels, antennae 3, four strong arms,
clever 1, MP-powered wands
a: Dig, Renounce Religion, Bend Time


You were in the Dungeon.
You worshipped Cheibriados.
Cheibriados was noncommittal.
You visited 1 branch You collected 38 gold pieces.

Inventory:

Hand Weapons
 a - a +0 long sword (weapon)
Armour
 b - a +0 scale mail (worn)
 c - a +0 kite shield (worn)
Wands
 d - a wand of polymorph (7)
Scrolls
 h - a scroll of fear {unknown}
 i - a scroll of immolation {unknown}
 j - a scroll of identify {unknown}
 l - a scroll of holy word {unknown}
 m - a scroll of magic mapping {unknown}
Potions
 e - a potion of curing
 g - a potion of magic
 k - a potion of flight {unknown}
 n - a potion of resistance {unknown}
Miscellaneous
 o - a phial of floods (inert)


   Skills:
 + Level 7.3 Fighting
 + Level 8.6 Long Blades
 + Level 7.3 Armour
 + Level 5.2 Dodging
 - Level 10.6 Shields
 + Level 0.0 Invocations
 + Level 0.0 Evocations


You had 6 spell levels left.
You didn't know any spells.
Your spell library contained the following spells:

 Spells                   Type           Power      Damage    Failure   Level
 Corona                   Hex            0%         N/A       63%         1
 Magic Dart               Conj           0%         1d3       63%         1
 Call Imp                 Summ           0%         N/A       77%         2
 Ensorcelled Hibernation  Hex/Ice        0%         N/A       77%         2
 Slow                     Hex            0%         N/A       77%         2
 Confusing Touch          Hex            0%         N/A       94%         3
 Conjure Flame            Conj/Fire      0%         6-21      94%         3
 Dazzling Flash           Conj/Hex       0%         N/A       94%         3
 Mephitic Cloud           Conj/Pois/Air  0%         N/A       94%         3
 Tukima's Dance           Hex            0%         N/A       94%         3
 Blink                    Tloc           Unusable   N/A       N/A         2

Dungeon Overview and Level Annotations

Branches:
Dungeon (1/1)

Altars:
Cheibriados
Dithmenos
Elyvilon
Fedhas
Gozag
Hepliaklqana
Kikubaaqudgha
Makhleb
Nemelex Xobeh
Qazlal
Ru
Sif Muna
Vehumet
Xom
Yredelemnul
Zin
The Shining One
Jiyva
Lugonu


Innate Abilities, Weirdness & Mutations

You cannot be hasted, slowed, berserked, paralysed or teleported.
You can dig through walls and to a lower floor.
You have a pair of large antennae on your head. (SInv)
Your four strong arms can wield two-handed weapons with a shield.
Your mind is acute. (Int +2)
You expend magic power (3 MP) to strengthen your wands.


Message History

* * * LOW HITPOINT WARNING * * *
The deep elf pyromancer hits you but does no damage.
Aim the phial where?
Press: ? - help, Shift-Dir - straight line, f - fire elemental
Aim: a fire elemental (summoned)
The torrent of water hits the fire elemental!
The fire elemental is moderately damaged.
The wave splashes down.
Splash!
You fall into the shallow water.
Moving in this stuff is going to be slow.
The fire elemental is engulfed in water. x3
You hear a shout! x2
The fire elemental hits you. The fire elemental burns you!
* * * LOW HITPOINT WARNING * * *
The fire elemental barely misses you.
You riposte.
You slash the fire elemental!
The fire elemental is severely damaged.
The deep elf pyromancer hits you but does no damage.
You feel much better.
The fire elemental is no longer moving slowly.
The fire elemental hits you. The fire elemental burns you!
You block the fire elemental's attack.
The deep elf pyromancer hits you but does no damage.
Unknown command.
You block the fire elemental's attack.
The deep elf pyromancer hits you with a +0 long sword of holy wrath.
The fire elemental barely misses you.
You slash the deep elf pyromancer!
The deep elf pyromancer is severely wounded.
You block the fire elemental's attack. The fire elemental hits you.
The fire elemental burns you!
* * * LOW HITPOINT WARNING * * *
The deep elf pyromancer drinks a potion.
The deep elf pyromancer is healed!
You hit the deep elf pyromancer.
The deep elf pyromancer is severely wounded.
The fire elemental closely misses you. The fire elemental hits you.
The fire elemental burns you!
You die...

▓ ▓▓▓ #### ##.#####
#### ...#####..#___# {
#__# .÷..#..#..#...#{
#._# {{{
#...#..#..###'#+###)##
{{{
##..##'#..#..≈EE@....#
{{{
##..###...'.⌠°°Ee....#
#..####...#..≈######'#
#..###....#.⌠.#__#...#
...##.....#...#__#...#
..÷#.†....#)###__#...#
{
.##.#.....#)..#__#...+
. ####....#___#__'...#
▓ ▓▓▓▓▓▓▓▓▓▓▓▓▓▓▓▓▓


You could see a deep elf pyromancer and 3 fire elementals.

Vanquished Creatures
  A shadow (D)
  A spatial vortex (D)
  A necrophage (D)
  A scorpion (D)
  A water elemental (D)
  A jelly (D)
  A wizard (D)
  A necromancer (D)
  A kobold demonologist (D)
  A human (D)
  An endoplasm (D)
  3 rats (D)
14 creatures vanquished.

Vanquished Creatures (others)
  A plant (D)
1 creature vanquished.

Grand Total: 15 creatures vanquished

Notes
Turn   | Place    | Note
-------+----------+-------------------------------------------
     0 | D        | rocky1 the Formicid Fighter began the quest for the Orb.
     0 | D        | Reached XP level 1. HP: 18/18 MP: 1/1
    11 | D        | Reached skill level 4 in Shields
    87 | D        | Reached skill level 5 in Shields
    87 | D        | Reached XP level 2. HP: 6/24 MP: 2/2
    87 | D        | Reached XP level 3. HP: 7/29 MP: 3/3
   428 | D        | Noticed a scorpion
   435 | D        | Killed a scorpion
   436 | D        | Reached skill level 8 in Shields
   436 | D        | Reached XP level 4. HP: 25/35 MP: 4/4
   550 | D        | Gained mutation: You occasionally shout uncontrollably at
                  | your foes. [potion of mutation]
   550 | D        | Gained mutation: You are weak. (Str -2) [potion of
                  | mutation]
   550 | D        | Gained mutation: Your system is resistant to poisons.
                  | (rPois) [potion of mutation]
   551 | D        | Lost mutation: You occasionally shout uncontrollably at
                  | your foes. [potion of mutation]
   551 | D        | Lost mutation: Your system is resistant to poisons. (rPois)
                  | [potion of mutation]
   551 | D        | Gained mutation: Potions are less effective at restoring
                  | your health. [potion of mutation]
   551 | D        | Gained mutation: You expend magic power (3 MP) to
                  | strengthen your wands. [potion of mutation]
   551 | D        | Lost mutation: You are weak. (Str -2) [potion of mutation]
   552 | D        | Lost mutation: You expend magic power (3 MP) to strengthen
                  | your wands. [potion of mutation]
   552 | D        | Lost mutation: Potions are less effective at restoring your
                  | health. [potion of mutation]
   552 | D        | Gained mutation: You are clumsy. (Dex -2) [potion of
                  | mutation]
   553 | D        | Lost mutation: You are clumsy. (Dex -2) [potion of
                  | mutation]
   553 | D        | Gained mutation: Your magical capacity is low. (-10% MP)
                  | [potion of mutation]
   553 | D        | Gained mutation: You are partially covered in iridescent
                  | scales. (AC +2) [potion of mutation]
   553 | D        | Gained mutation: Your mind is acute. (Int +2) [potion of
                  | mutation]
   554 | D        | Lost mutation: Your magical capacity is low. (-10% MP)
                  | [potion of mutation]
   554 | D        | Lost mutation: You are partially covered in iridescent
                  | scales. (AC +2) [potion of mutation]
   554 | D        | Gained mutation: Your body sometimes deteriorates upon
                  | taking damage. [potion of mutation]
   554 | D        | Gained mutation: Armour fits poorly on your strangely
                  | shaped body. [potion of mutation]
   555 | D        | Lost mutation: Your body sometimes deteriorates upon taking
                  | damage. [potion of mutation]
   555 | D        | Lost mutation: Armour fits poorly on your strangely shaped
                  | body. [potion of mutation]
   555 | D        | Gained mutation: You expend magic power (3 MP) to
                  | strengthen your wands. [potion of mutation]
   566 | D        | Noticed a water elemental
   569 | D        | Killed a water elemental
   570 | D        | Reached XP level 5. HP: 42/42 MP: 5/5
   589 | D        | Noticed a shadow
   597 | D        | Killed a shadow
   598 | D        | Reached skill level 9 in Shields
   598 | D        | Reached XP level 6. HP: 47/52 MP: 6/6
   601 | D        | Found a basalt altar of Yredelemnul.
   601 | D        | Found a shadowy altar of Dithmenos.
   601 | D        | Found a sacrificial altar of Ru.
   601 | D        | Noticed a necrophage
   607 | D        | Killed a necrophage
   608 | D        | Reached skill level 10 in Shields
   608 | D        | Reached XP level 7. HP: 51/59 MP: 7/7
   627 | D        | Found a radiant altar of Vehumet.
   627 | D        | Found a shimmering blue altar of Sif Muna.
   627 | D        | Found an ancient bone altar of Kikubaaqudgha.
   642 | D        | Noticed a chaos spawn
   830 | D        | Found a blossoming altar of Fedhas.
   830 | D        | Found a stormy altar of Qazlal.
   830 | D        | Found a snail-covered altar of Cheibriados.
   830 | D        | Found a burning altar of Makhleb.
   830 | D        | Found a shimmering altar of Xom.
   831 | D        | Found a hazy altar of Hepliaklqana.
   831 | D        | Found an opulent altar of Gozag.
   831 | D        | Found a sparkling altar of Nemelex Xobeh.
   831 | D        | Found a corrupted altar of Lugonu.
   831 | D        | Found a viscous altar of Jiyva.
   831 | D        | Noticed a spatial vortex
   834 | D        | Became a worshipper of Cheibriados the Contemplative
   841 | D        | Killed a spatial vortex
   842 | D        | Reached skill level 5 in Dodging
   969 | D        | Found a glowing silver altar of Zin.
   969 | D        | Found a glowing golden altar of the Shining One.
   969 | D        | Found a white marble altar of Elyvilon.
   970 | D        | Noticed a deep elf pyromancer
   984 | D        | Noticed a fire elemental
   984 | D        | Noticed a fire elemental
   987 | D        | Noticed a fire elemental
   996 | D        | Slain by a fire elemental

Illustrated notes

Levels and vault maps discovered:
D:        dungeon_sprint_mu [sprint_mu_entry_cave, sprint_mu_temple_rooms,
          sprint_mu_d1_spiders, sprint_mu_d2_genie, sprint_mu_d3_branching,
          sprint_mu_orc_legion, sprint_mu_elf_gauntlet, sprint_mu_hive_nellie,
          sprint_mu_lair_fedhas, sprint_mu_vaults_butterflies,
          sprint_mu_slime_circle, sprint_mu_swamp_cave, sprint_mu_snake_twists,
          sprint_mu_blade_basic, sprint_mu_crypt_lich, sprint_mu_tomb_spiral,
          sprint_mu_vestibule_basic, sprint_mu_gehenna_hellfire,
          sprint_mu_dis_giant, sprint_mu_tartarus_statrot,
          sprint_mu_cocytus_islands, sprint_mu_zot1]

Skill      XL: |  1  2  3  4  5  6  7 |
---------------+----------------------+-----
Shields        | 5 8 9 10 | 10.6
Long Blades    | 4 6 7 8 |  8.6
Fighting       | 4 6 7 |  7.3
Armour         | 4 6 7 |  7.3
Dodging        | 2 4 5 |  5.2

Action                   |  1- 3 |  4- 6 |  7- 9 || total
-------------------------+-------+-------+-------++-------
Melee: Long sword        |    26 |    19 |    37 ||    82
Invok: Bend Time         |       |       |     3 ||     3
Evoke: Phial of floods   |       |       |     1 ||     1
  Use: Potion            |       |     7 |     2 ||     9
Armor: Scale mail        |     3 |     2 |    14 ||    19
Dodge: Dodged            |    10 |     7 |    17 ||    34
Block: Kite shield       |    11 |     7 |    31 ||    49
       Rpst.: Long sword |     3 |     3 |     7 ||    13

Table legend: (Time is in decaauts)
 A = Elapsed time spent in this place.
 B = Non-inter-level travel time spent in this place.
 C = Inter-level travel time spent in this place.
 D = Time resting spent in this place.
 E = Time spent auto-exploring this place.
 F = Levels seen in this place.
 G = Mean time per level.
                   A        B        C        D        E       F      G
               +--------+--------+--------+--------+--------+-----+--------+
         Total |   1019 |   1019 |      0 |    682 |      0 |   1 | 1019.0 |
       Dungeon |   1019 |   1019 |      0 |    682 |      0 |   1 | 1019.0 |
               +--------+--------+--------+--------+--------+-----+--------+

Top non-repeatable levels by time:
       D: 1019 daAuts
